 Dungeon Crawl Stone Soup version 0.27-a0-1118-ga84896973d (webtiles) character file.

Game seed: 10154994033733838904

13542 Froggeryz the Martial Artist (level 11, -5/78 HPs)
             Began as a Demonspawn Ice Elementalist on May 2, 2021.
             Was a High Priest of Cheibriados.
             Slain by an eight-headed hydra (12 damage)
             ... on level 11 of the Dungeon.
             The game lasted 00:32:02 (14470 turns).

Froggeryz the Martial Artist (DsIE)                Turns: 14470, Time: 00:32:03

Health: -5/78      AC: 12    Str: 24    XL:     11   Next: 77%
Magic:  0/17       EV: 11    Int: 33    God:    Cheibriados [*****.]
Gold:   672        SH:  0    Dex: 27    Spells: 11/18 levels left

rFire    . . .     SeeInvis .     - Unarmed
rCold    + . .     Faith    .   (no shield)
rNeg     . . .     Spirit   +   q - +0 scale mail
rPois    .         Reflect  .   (helmet restricted)
rElec    .         Harm     .   j - scarf {repulsion}
rCorr    +         Rampage  .   (gloves unavailable)
Will     .....                  (no boots)
Stlth    +.........             (no amulet)
HPRegen  0.23/turn              n - ring of resist corrosion
MPRegen  0.30/turn              k - ring of protection from cold

@: ice-armoured, freezing walls, studying Invocations, repel missiles, very slow
A: antennae 1, claws 3, magic shield, magic regeneration, demonic magic 2
a: Renounce Religion, Bend Time, Temporal Distortion, Slouch, Step From Time


You were on level 11 of the Dungeon.
You worshipped Cheibriados.
Cheibriados was extremely pleased with you.
You visited 2 branches of the dungeon, and saw 12 of its levels.
You also visited: Sewer.

You collected 672 gold pieces.

Inventory:

Hand Weapons
 b - a +3 short sword of draining
Missiles
 d - 14 throwing nets
 i - 4 curare-tipped darts
Armour
 j - a scarf of repulsion (worn)
 q - a +0 scale mail (worn)
Magical Staves
 h - a staff of cold
Jewellery
 k - a ring of protection from cold (right claw)
 n - a ring of resist corrosion (left claw)
Wands
 m - a wand of flame (3)
 w - a wand of digging (9)
 x - a wand of iceblast (4)
Scrolls
 c - 4 scrolls of enchant weapon
 e - 4 scrolls of teleportation
 f - 2 scrolls of fear
 g - a scroll of identify
 p - 3 scrolls of enchant armour
 v - a scroll of immolation
Potions
 a - a potion of might
 o - 2 potions of cancellation
 r - 3 potions of attraction
 s - 8 potions of ambrosia
 t - a potion of mutation
 u - 9 potions of curing


   Skills:
 * Level 4.5 Fighting
 + Level 6.3 Armour
 - Level 1.7 Dodging
 - Level 2.0 Stealth
 - Level 13.1 Unarmed Combat
 - Level 4.3 Spellcasting
 - Level 8.0 Ice Magic


You had 11 spell levels left.
You knew the following spells:

 Your Spells              Type           Power      Damage    Failure   Level
a - Freeze                Ice            100%       1d11      1%          1
b - Frozen Ramparts       Ice            100%       1d12      1%          3
c - Ozocubu's Armour      Ice            57%        N/A       1%          3

Your spell library contained the following spells:

 Spells                   Type           Power      Damage    Failure   Level
 Ensorcelled Hibernation  Hex/Ice        66%        N/A       3%          2
 Corona                   Hex            7%         N/A       12%         1
 Magic Dart               Conj           28%        1d4       12%         1
 Blink                    Tloc           N/A        N/A       17%         2
 Call Imp                 Summ           7%         N/A       17%         2
 Searing Ray              Conj           14%        3d3       17%         2
 Slow                     Hex            7%         N/A       17%         2
 Hailstorm                Conj/Ice       33%        3d8       22%         4
 Confusing Touch          Hex            7%         N/A       34%         3
 Conjure Flame            Conj/Fire      7%         6-21      34%         3
 Dazzling Flash           Conj/Hex       14%        N/A       34%         3
 Gell's Gravitas          Tloc           3%         N/A       34%         3
 Mephitic Cloud           Conj/Pois/Air  7%         N/A       34%         3
 Tukima's Dance           Hex            7%         N/A       34%         3
 Metabolic Englaciation   Hex/Ice        16%        N/A       52%         5
 Fulminant Prism          Conj/Hex       3%         3d6       75%         4
 Iskenderun's Mystic Bla  Conj/Tloc      7%         2d4       75%         4
 Petrify                  Tmut/Erth      7%         N/A       75%         4
 Yara's Violent Unravell  Hex/Tmut       3%         3d4       97%         5


Dungeon Overview and Level Annotations

Branches:
Dungeon (11/15)            Temple (1/1) D:5            Lair (0/6) D:11
    Orc (0/2) D:11          Sewer (visited)

Altars:
Ashenzari
Cheibriados
Dithmenos
Elyvilon
Fedhas
Gozag
Hepliaklqana
Kikubaaqudgha
Okawaru
Ru
Sif Muna
Trog
Uskayaw
Vehumet
Wu Jian
Xom
Yredelemnul
Zin
The Shining One

Shops:
D:4 =(   D:8 :


Innate Abilities, Weirdness & Mutations

You have a pair of small antennae on your head.
You have claws for hands.
When hurt, damage is shared between your health and your magic reserves.
You regenerate magic rapidly.
Spells you cast may paralyse nearby enemies.


Message History

The seven-headed hydra bites you but does no damage.
The seven-headed hydra bites you.
The seven-headed hydra bites you but does no damage.
You barely miss the seven-headed hydra.
The seven-headed hydra is lightly wounded.
The wall freezes the seven-headed hydra!
The seven-headed hydra bites you but does no damage. x4
The seven-headed hydra bites you!
The seven-headed hydra bites you but does no damage.
The seven-headed hydra bites you.
You rip one of the seven-headed hydra's heads off!
The six-headed hydra grows two more!
You claw the eight-headed hydra!
The eight-headed hydra is moderately wounded.
The orc wizard hits the fungus with a +3 dagger of venom.
The fungus begins to die.
Unknown command.
Okay, then.
Okay, then.
As you read the scroll of fear, it crumbles to dust.
You assume a fearsome visage.
The eight-headed hydra looks frightened!
The orc wizard looks frightened!
The orc wizard gestures at itself while chanting.
The orc wizard flickers and vanishes!
Deactivating autopickup; reactivate with Ctrl-A.
The wall freezes the eight-headed hydra.
Your attack snaps the eight-headed hydra out of its fear.
The eight-headed hydra bites you but does no damage.
The eight-headed hydra bites you.
* * * LOW HITPOINT WARNING * * *
The eight-headed hydra bites you.
* * * LOW HITPOINT WARNING * * *
The eight-headed hydra closely misses you.
The eight-headed hydra bites you.
* * * LOW HITPOINT WARNING * * *
The eight-headed hydra closely misses you.
The eight-headed hydra bites you!
* * * LOW HITPOINT WARNING * * *
The eight-headed hydra bites you!
You die...

##..P...PPPP.PP.
.....P.PP....P..
........P.P..... ##
.......P..P{P..P ...
.....PP.PPPP.... ....
......P...P..........##
........P..............
.######D).P......#####.
+....@#.........#...#.
#....<#.........#...#.
#.....#.........#...#.
#.....#..<......##''#.
#######...............
............#####.....
............# #.....
............# #.....
............# #.....


You could see an eight-headed hydra (slow).

Vanquished Creatures
  4 two-headed ogres
  An ugly thing (D:11)
  A manticore (D:11)
  Psyche (D:9)
  A troll (D:9)
  A queen bee (D:9)
  Prince Ribbit (D:7)
  Grinder (D:4)
  A meliai zombie (D:11)
  2 shadows
  A wyvern (D:9)
  9 yaks
  A vampire (D:8)
  Edmund (D:6)
  Grum (D:9)
  3 acid dragons
  7 water moccasins
  5 orc warriors
  2 black bears (D:11)
  2 sky beasts
  A necrophage (D:7)
  2 ogres
  5 wolves
  3 centaurs
  3 kobold brigands
  4 bullfrogs
  5 gnoll sergeants
  A wyvern zombie (D:8)
  3 scorpions
  A wyvern skeleton (D:7)
  23 killer bees (D:9)
  4 wights (D:9)
  4 howler monkeys
  An electric eel (D:8)
  A bullfrog zombie (D:5)
  4 gnoll shamans
  4 orc priests (D:8)
  2 jellies
  2 centaur zombies
  9 hounds
  A centaur skeleton (D:6)
  A bullfrog skeleton (D:7)
  2 iguanas
  A scorpion zombie (D:5)
  7 orc wizards
  The ghost of anet the Covert, a weakling GnDe (D:5)
  A howler monkey zombie (D:10)
  7 adders
  46 gnolls
  2 howler monkey skeletons
  2 shadow imps
  2 white imps
  An ufetubus (D:6)
  An adder skeleton (D:4)
  2 worms
  2 dart slugs (D:3)
  23 orcs
  6 endoplasms
  2 giant cockroaches
  6 goblins
  6 hobgoblins
  6 jackals
  27 kobolds
  2 quokkas
  4 ball pythons
  8 bats
  4 frilled lizards
  5 rats
306 creatures vanquished.

Vanquished Creatures (others)
  20 fungi
  22 plants
42 creatures vanquished.

Grand Total: 348 creatures vanquished

Notes
Turn   | Place    | Note
-------+----------+-------------------------------------------
     0 | D:1      | Froggeryz the Demonspawn Ice Elementalist began the quest
                  | for the Orb.
     0 | D:1      | Reached XP level 1. HP: 13/13 MP: 3/3
   491 | D:1      | Gained mutation: You regenerate magic rapidly. [demonic
                  | ancestry]
   491 | D:1      | Reached XP level 2. HP: 19/19 MP: 5/5
   865 | D:1      | You fall into a shaft and drop 1 floor!
   888 | D:2      | Gained mutation: Spells you cast may paralyse adjacent
                  | enemies. [demonic ancestry]
   888 | D:2      | Reached XP level 3. HP: 6/25 MP: 0/6
  1129 | D:2      | Found a faded altar of an unknown god.
  1196 | D:1      | Reached skill level 1 in Fighting
  1841 | D:2      | Learned a level 3 spell: Frozen Ramparts
  2002 | D:2      | Reached XP level 4. HP: 29/32 MP: 2/7
  2694 | D:3      | Reached skill level 5 in Ice Magic
  3405 | D:4      | Noticed Grinder
  3434 | D:4      | Paralysed by Grinder for 6 turns
  3449 | D:4      | Paralysed by Grinder for 7 turns
  3466 | D:4      | Killed Grinder
  3467 | D:4      | Reached XP level 5. HP: 9/37 MP: 3/8
  3467 | D:4      | Gained mutation: You have sharp fingernails. [demonic
                  | ancestry]
  3467 | D:4      | Reached XP level 6. HP: 11/43 MP: 3/9
  3879 | D:4      | Found Vulympif's Antique Weapon Shoppe.
  4067 | D:4      | Found Hiuthaul's Jewellery Boutique.
  4869 | D:5      | Entered Level 5 of the Dungeon
  4974 | D:5      | Gained mutation: When hurt, damage is shared between your
                  | health and your magic reserves. [demonic ancestry]
  4974 | D:5      | Reached XP level 7. HP: 31/48 MP: 7/10
  5000 | D:5      | Found a staircase to the Ecumenical Temple.
  5013 | Temple   | Entered the Ecumenical Temple
  5068 | Temple   | Became a worshipper of Cheibriados the Contemplative
  5159 | D:5      | Found a glowing drain.
  5169 | Sewer    | Entered a sewer
  5229 | Sewer    | Learned a level 3 spell: Ozocubu's Armour
  5331 | D:5      | Reached skill level 1 in Unarmed Combat
  5674 | D:5      | Found a runed translucent gate.
  5675 | D:5      | Found a runed translucent gate.
  5676 | D:5      | Found a runed translucent gate.
  5680 | D:5      | Noticed anet's ghost (weakling GnDe)
  5691 | D:5      | Killed anet's ghost
  5694 | D:5      | Reached skill level 2 in Unarmed Combat
  6171 | D:5      | Reached skill level 3 in Unarmed Combat
  6171 | D:5      | Gained mutation: You have a pair of small antennae on your
                  | head. [demonic ancestry]
  6171 | D:5      | Reached XP level 8. HP: 46/54 MP: 6/13
  6173 | D:5      | Reached * piety under Cheibriados
  6595 | D:6      | Reached skill level 4 in Unarmed Combat
  6914 | D:6      | Noticed Edmund
  6924 | D:6      | Killed Edmund
  6925 | D:6      | Reached skill level 5 in Unarmed Combat
  7122 | D:6      | Reached skill level 6 in Unarmed Combat
  7159 | D:6      | Noticed a two-headed ogre
  7174 | D:6      | Killed a two-headed ogre
  7175 | D:6      | Reached skill level 7 in Unarmed Combat
  7175 | D:6      | Gained mutation: You have very sharp fingernails. [demonic
                  | ancestry]
  7175 | D:6      | Reached XP level 9. HP: 46/59 MP: 5/15
  7455 | D:7      | Reached skill level 8 in Unarmed Combat
  8020 | D:7      | Reached skill level 9 in Unarmed Combat
  8164 | D:7      | Noticed Prince Ribbit
  8170 | D:7      | Killed Prince Ribbit
  8189 | D:7      | Reached ** piety under Cheibriados
  8695 | D:8      | Reached skill level 10 in Unarmed Combat
  9157 | D:8      | Found Kaaschi's Book Shop.
  9225 | D:8      | Gained mutation: You have claws for hands. [demonic
                  | ancestry]
  9225 | D:8      | Reached XP level 10. HP: 54/65 MP: 11/16
  9374 | D:8      | Reached *** piety under Cheibriados
 10250 | D:8      | Reached skill level 1 in Armour
 10364 | D:8      | Reached **** piety under Cheibriados
 10395 | D:8      | Reached skill level 11 in Unarmed Combat
 11343 | D:9      | Noticed Psyche
 11376 | D:9      | Killed Psyche
 12037 | D:9      | Reached skill level 12 in Unarmed Combat
 12043 | D:9      | Reached ***** piety under Cheibriados
 12082 | D:9      | Gained mutation: Spells you cast may paralyse nearby
                  | enemies. [demonic ancestry]
 12082 | D:9      | Reached XP level 11. HP: 42/70 MP: 9/17
 12354 | D:9      | Noticed Grum
 12364 | D:9      | Killed Grum
 12888 | D:10     | Entered Level 10 of the Dungeon
 13053 | D:10     | Found a broken altar of Ashenzari.
 13053 | D:10     | Found a shimmering blue altar of Sif Muna.
 13503 | D:10     | Noticed a two-headed ogre
 13511 | D:10     | Killed a two-headed ogre
 13512 | D:10     | Reached skill level 5 in Armour
 13899 | D:11     | Noticed a two-headed ogre
 13910 | D:11     | Killed a two-headed ogre
 13911 | D:11     | Reached skill level 13 in Unarmed Combat
 14153 | D:11     | Noticed a two-headed ogre
 14162 | D:11     | Killed a two-headed ogre
 14233 | D:11     | Found a staircase to the Orcish Mines.
 14248 | D:11     | Noticed a purple ugly thing
 14255 | D:11     | Noticed a seven-headed hydra
 14259 | D:11     | Noticed a six-headed hydra
 14260 | D:11     | Killed a purple ugly thing
 14271 | D:11     | Found a staircase to the Lair.
 14470 | D:11     | Slain by an eight-headed hydra

Illustrated notes

Levels and vault maps discovered:
D:1:      eino_arrival_water_cross, layout_basic, minmay_misc_feat_room,
          roderic_roman_lattice, minmay_tetromino_i4
D:2:      layout_loops_cross, basic_ecumenical_altar, serial_bayou_pond_d
D:3:      layout_rooms, minmay_cupped
D:4:      layout_loops_corners, serial_shops, nicolae_shop_statue_plus,
          nicolae_shop_stone, uniq_grinder
D:5:      layout_gridville, minmay_temple_entry_drinking_statues,
          gammafunk_ghost_nasty_kobolds, portal_sewer_entry_d
D:6:      layout_basic, mrwooster_statue_mirror, minmay_manual_macuahuitl,
          uniq_edmund
D:7:      layout_loops_cross, kennysheep_small_square, uniq_prince_ribbit1
D:8:      layout_cave_pools, serial_gnoll_camp, gnoll_camp_mini_house,
          gnoll_camp_mini_basic, gnoll_camp_huts_moat, gnoll_camp_mini_house,
          gnoll_camp_mini_house, gnoll_camp_mini_shop, minivault_11
D:9:      layout_roguey, special_room [special_room_bee], uniq_grum, uniq_psyche
D:10:     layout_long_grid, gammafunk_temple_overflow_pools
D:11:     layout_irregular_city, due_lair_maze_entry_diamond, orc_0_dummy,
          hangedman_abyss_or_decor_passed, minmay_tree_intersection
Temple:   regret_index_temple_chain_breaker

Skill      XL: |  1  2  3  4  5  6  7  8  9 10 11 |
---------------+----------------------------------+-----
Stealth        | 2 |  2.0
Ice Magic      | 4 6 7 8 |  8.0
Fighting       | 1 4 |  4.5
Unarmed Combat | 3 7 10 12 13 | 13.1
Spellcasting   | 3 4 |  4.3
Armour         | 4 6 |  6.3
Dodging        | |  1.7

Action                   |  1- 3 |  4- 6 |  7- 9 | 10-12 || total
-------------------------+-------+-------+-------+-------++-------
Melee: Unarmed           |    11 |       |   135 |   251 ||   397
       Short sword       |    42 |       |       |       ||    42
       Staff             |     9 |    87 |    38 |       ||   134
       Punch             |       |       |     8 |    15 ||    23
 Cast: Freeze            |    25 |    30 |    21 |     7 ||    83
       Frozen Ramparts   |     1 |    11 |    34 |    34 ||    80
       Ozocubu's Armour  |       |       |    15 |    20 ||    35
Evoke: Wand              |       |    10 |     1 |    37 ||    48
  Use: Potion            |       |     3 |     1 |     3 ||     7
       Scroll            |       |       |    17 |     8 ||    25
 Stab: Sleeping          |     1 |     5 |     1 |       ||     7
       Paralysed         |       |    10 |    30 |    11 ||    51
Armor: Robe              |    12 |    16 |    38 |     7 ||    73
       Scale mail        |       |       |       |    52 ||    52
       Skin              |       |       |       |     5 ||     5
Dodge: Dodged            |    44 |    64 |   113 |   166 ||   387
       Repelled          |       |       |       |     1 ||     1

Table legend: (Time is in decaauts)
 A = Elapsed time spent in this place.
 B = Non-inter-level travel time spent in this place.
 C = Inter-level travel time spent in this place.
 D = Time resting spent in this place.
 E = Time spent auto-exploring this place.
 F = Levels seen in this place.
 G = Mean time per level.
                   A        B        C        D        E       F      G
               +--------+--------+--------+--------+--------+-----+--------+
         Total |  16560 |  16101 |    459 |   1974 |  11200 |  13 | 1273.8 |
       Dungeon |  16345 |  15904 |    441 |   1974 |  11111 |  11 | 1485.9 |
        Temple |     74 |     57 |     17 |      0 |      0 |   1 |   74.0 |
         Sewer |    140 |    140 |      0 |      0 |     88 |   1 |  140.0 |
               +--------+--------+--------+--------+--------+-----+--------+

Top non-repeatable levels by time:
     D:8: 2692 daAuts
     D:9: 2150 daAuts
     D:7: 1750 daAuts
    D:10: 1595 daAuts
     D:4: 1520 daAuts
     D:1: 1492 daAuts
     D:5: 1456 daAuts
     D:6: 1352 daAuts
     D:2: 1196 daAuts
     D:3: 665 daAuts
    D:11: 473 daAuts
   Sewer: 140 daAuts
  Temple: 74 daAuts
